 Dungeon Crawl Stone Soup version 0.17.0-24-gcfadda4 (webtiles) character file.

410 Sorcv the Sneak (level 6, -1/46 HPs)
             Began as a Mummy Enchanter on Nov 15, 2015.
             Was a Follower of Ashenzari.
             Slain by an orc warrior
             ... wielding a +0 hand axe of flaming
              (16 damage)
             ... on level 6 of the Dungeon.
             The game lasted 00:16:27 (3179 turns).

Sorcv the Sneak (Mummy Enchanter)                   Turns: 3179, Time: 00:16:28

Health: -1/46      AC:  4    Str: 11    XL:     6   Next: 58%
Magic:  1/9        EV: 12    Int: 15    God:    Ashenzari [*.....]
Gold:   138        SH:  4    Dex: 14    Spells: 3 memorised, 3 levels left

rFire  x . .     SeeInvis .     a - +1 dagger
rCold  + . .     Clarity  .     b - +1 robe
rNeg   + + +     SustAt   .     e - +0 buckler
rPois  ∞         Gourm    .     o - +0 helmet
rElec  .         Spirit   .     (no cloak)
rCorr  .         Warding  .     (no gloves)
rMut   .         Stasis   .     (no boots)
MR     .....                    (no amulet)
Stlth  +++.......               (no ring)
                                g - +1 ring of evasion

@: very slightly contaminated, not resistant to hostile enchantments, fairly
stealthy
A: no food or potions, fire vulnerability, cold resistance 1, negative energy
resistance 3, torment resistance, unbreathing
a: Scrying, Renounce Religion


You were on level 6 of the Dungeon.
You worshipped Ashenzari.
Ashenzari was aware of your devotion.
You were not hungry.

You visited 1 branch of the dungeon, and saw 6 of its levels.

You collected 138 gold pieces.

Inventory:

Hand Weapons
 a - a +1 dagger (weapon)
Armour
 b - a +1 robe (worn)
 d - a cursed -2 robe
 e - a +0 buckler (worn)
 o - a +0 helmet (worn)
Jewellery
 f - an uncursed amulet of warding
 g - a +1 ring of evasion (left hand)
Wands
 h - a wand of magic darts (0)
 p - a wand of lightning (2)
Scrolls
 i - 3 scrolls of remove curse
 j - a scroll of teleportation
 k - a scroll of amnesia
 l - a scroll of fear {unknown}
 m - 3 scrolls of magic mapping
 n - 3 scrolls of recharging
 q - a scroll of enchant armour {unknown}
Books
 c - a book of Maledictions

   Spells                             Type                      Level
   a - Corona                         Hexes                        1
   b - Ensorcelled Hibernation        Hexes/Ice                    2
   c - Confuse                        Hexes                        3
   d - Tukima's Dance                 Hexes                        3
   e - Dazzling Spray                 Conjuration/Hexes            3


   Skills:
 + Level 2.6 Fighting
 + Level 2.3 Short Blades
 - Level 1.5 Dodging
 - Level 5.1 Stealth
 - Level 1.0 Shields
 - Level 2.0 Spellcasting
 - Level 3.1 Hexes


You had 3 spell levels left.
You knew the following spells:

 Your Spells              Type           Power        Failure   Level  Hunger
a - Corona                Hex            ##.....      12%         1    N/A
b - Ensorcelled Hibernat  Hex/Ice        #.....       28%         2    N/A
c - Confuse               Hex            ##......     28%         3    N/A

Dungeon Overview and Level Annotations

Branches:
Dungeon (6/15)
 Temple: D:4-7

Altars:
Ashenzari
Elyvilon
Fedhas
Gozag
Nemelex Xobeh
Okawaru

Portals:
Ossuary: D:6


Innate Abilities, Weirdness & Mutations

You do not eat or drink.
Your flesh is vulnerable to fire.
You are immune to poison.
Your flesh is cold resistant.
You are immune to negative energy.
You are immune to unholy pain and torment.
You can survive without breathing.


Message History

Zapping:
p - a wand of lightning {zapped: 3} (will waste charges)
Press: ? - help, Shift-Dir - straight line, f/p - orc warrior
Aim: an orc warrior, wielding a hand axe of flaming and wearing a chain mail (severely wounded)
You hear a mighty clap of thunder!
The bolt of lightning misses the orc warrior.
The bolt of lightning misses the giant gecko zombie.
Evoking this partially-identified wand wasted a few charges.
You hear a croak.
The orc warrior closely misses you.
Evoke which item? (* to show all) (? for menu, Esc to quit)
Zapping:
p - a wand of lightning {zapped: 6} (will waste charges)
Press: ? - help, Shift-Dir - straight line, f/p - orc warrior
Aim: an orc warrior, wielding a hand axe of flaming and wearing a chain mail (severely wounded)
You hear a mighty clap of thunder!
The bolt of lightning hits the orc warrior.
The orc warrior is severely wounded.
The bolt of lightning misses the giant gecko zombie.
Evoking this partially-identified wand wasted a few charges.
The orc warrior hits you with a hand axe of flaming!
You die...

##..o# ###...# ####.Z..#
#...oo###
#.##.############# ##
#....##..........#
##..###..####..........#
#.......o####..........###
........Zo@........#.....#
..###..#####......###..#.#
....# ##....##.##...#
#.### ##...##.∩.##..# ..
##.....##.##...# ##.
###.......'##..#.## #..
###...###....#...#..# ..
##...### ##.....#.##.# #.
#..### ####.#..##.#


You could see an orc warrior, an orc and a giant gecko zombie.

Vanquished Creatures
  A sky beast (D:5)
  An ogre (D:5)
  A scorpion (D:6)
  An orc priest (D:5)
  An orc wizard (D:4)
  2 worker ants
  A worker ant zombie (D:5)
  3 adders
  An adder skeleton (D:4)
  3 giant geckos
  7 orcs
  2 bats (D:3)
  A giant cockroach (D:1)
  3 goblins
  4 hobgoblins
  2 jackals (D:2)
  2 giant newts (D:1)
  2 kobolds (D:2)
  A quokka skeleton (D:4)
  7 rats
46 creatures vanquished.

Vanquished Creatures (others)
  6 plants (D:5)
6 creatures vanquished.

Grand Total: 52 creatures vanquished

Notes
Turn   | Place    | Note
--------------------------------------------------------------
     0 | D:1      | Sorcv the Mummy Enchanter began the quest for the Orb.
     0 | D:1      | Reached XP level 1. HP: 13/13 MP: 3/3
    86 | D:1      | Found a shattered altar of Ashenzari.
   119 | D:1      | Became a worshipper of Ashenzari the Shackled
   261 | D:1      | Reached skill level 3 in Stealth
   505 | D:2      | Reached XP level 2. HP: 19/19 MP: 5/5
   522 | D:2      | Learned a level 2 spell: Ensorcelled Hibernation
   961 | D:2      | Reached XP level 3. HP: 21/24 MP: 6/6
  1222 | D:3      | Learned a level 3 spell: Confuse
  1297 | D:3      | Reached skill level 1 in Shields
  1364 | D:4      | HP: 1/24 [adder (5)]
  1751 | D:4      | Found an opulent altar of Gozag.
  1836 | D:4      | Reached * piety under Ashenzari
  1858 | D:4      | Reached skill level 4 in Stealth
  1858 | D:4      | Reached XP level 4. HP: 30/30 MP: 2/7
  1860 | D:4      | Found a sparkling altar of Nemelex Xobeh.
  1863 | D:4      | Found an iron altar of Okawaru.
  1869 | D:4      | Found a blossoming altar of Fedhas.
  1872 | D:4      | Found a white marble altar of Elyvilon.
  1968 | D:5      | Entered Level 5 of the Dungeon
  1990 | D:5      | Noticed a sky beast
  2531 | D:5      | Killed a sky beast
  2531 | D:5      | Reached skill level 5 in Stealth
  2531 | D:5      | Reached XP level 5. HP: 17/35 MP: 0/8
  2544 | D:5      | Noticed an ogre
  2614 | D:5      | Killed an ogre
  2614 | D:5      | Reached skill level 1 in Fighting
  2614 | D:5      | Reached skill level 1 in Short Blades
  2614 | D:5      | Reached XP level 6. HP: 20/43 MP: 5/9
  2655 | D:5      | Noticed an ogre
  2917 | D:5      | Noticed an ogre
  3138 | D:6      | Found a sand-covered staircase.
  3179 | D:6      | Slain by an orc warrior

Action                   |  1- 3 |  4- 6 || total
-------------------------+-------+-------++-------
Melee: Dagger            |   137 |    64 ||   201
 Cast: Ensorcelled Hiber |     7 |    30 ||    37
       Corona            |       |     5 ||     5
       Confuse           |       |     2 ||     2
Evoke: Wand              |       |    11 ||    11
  Use: Scroll            |     6 |     1 ||     7
 Stab: Sleeping          |    11 |     8 ||    19
